 Dungeon Crawl Stone Soup version 0.29.1-12-g30fa7ad0bf (webtiles) character file.

Game seed: 10202747570464990656

606 ChadusMaximus the Trooper (level 7, -1/62 HPs)
             Began as a Minotaur Fighter on Dec 29, 2022.
             Slain by an acid dragon (3 damage)
             ... on level 8 of the Dungeon.
             The game lasted 00:03:56 (4788 turns).

ChadusMaximus the Trooper (Minotaur Fighter)        Turns: 4788, Time: 00:03:56

Health: -1/62      AC:  8    Str: 22    XL:     7   Next: 19%
Magic:  6/6        EV:  7    Int:  5    God:
Gold:   184        SH:  5    Dex: 10    Spells: 6/6 levels left

rFire   . . .      SeeInvis .   a - +0 war axe
rCold   . . .      Faith    .   c - +0 buckler
rNeg    . . .      Spirit   .   t - +0 chain mail
rPois   .          Reflect  .   e - +2 hat
rElec   .          Harm     .   (no cloak)
rCorr   .          Rampage  .   (no gloves)
Will    .....                   (no boots)
Stlth   ..........              (no amulet)
HPRegen 0.20/turn               (no ring)
MPRegen 0.10/turn               (no ring)

@: corroded
A: horns 2, retaliatory headbutt
a: no special abilities


You were on level 8 of the Dungeon.
You visited 1 branch of the dungeon, and saw 8 of its levels.

You collected 184 gold pieces.

Inventory:

Hand Weapons
 a - a +0 war axe (weapon)
Missiles
 j - 10 boomerangs (quivered)
Armour
 b - a +0 scale mail
 c - a +0 buckler (worn)
 e - a +2 hat (worn)
 t - a +0 chain mail (worn)
Jewellery
 w - a ring of protection from fire
Wands
 x - a wand of mindburst (16)
Scrolls
 g - 3 scrolls of immolation
 m - a scroll of silence
 n - a scroll of brand weapon {unknown}
 p - a scroll of poison
 q - a scroll of fear {unknown}
 r - a scroll of butterflies {unknown}
 v - a scroll of teleportation {unknown}
Potions
 d - 7 potions of might
 f - a potion of flight {unknown}
 h - a potion of invisibility {unknown}
 i - a potion of resistance {unknown}
 k - 2 potions of brilliance {unknown}
 l - a potion of haste
 o - 3 potions of curing {unknown}
 s - 2 potions of attraction {unknown}
 u - a potion of heal wounds {unknown}


   Skills:
 + Level 5.9 Fighting
 + Level 5.1 Axes
 + Level 5.9 Armour
 + Level 5.9 Shields


You had 6 spell levels left.
You didn't know any spells.
Your spell library contained the following spells:

 Spells                   Type           Power      Damage    Failure   Level
 Magic Dart               Conj           0%         1d3       99%         1
 Call Imp                 Summ           0%         N/A       100%        2
 Ensorcelled Hibernation  Hex/Ice        0%         N/A       100%        2
 Passwall                 Tmut/Erth      0%         N/A       100%        2
 Sublimation of Blood     Necr           0%         N/A       100%        2
 Dazzling Flash           Conj/Hex       0%         N/A       100%        3
 Gell's Gravitas          Tloc           0%         N/A       100%        3
 Lesser Beckoning         Tloc           0%         N/A       100%        3
 Mephitic Cloud           Conj/Pois/Air  0%         N/A       100%        3
 Spider Form              Tmut/Pois      0%         N/A       100%        3
 Swiftness                Air            0%         N/A       100%        3
 Teleport Other           Tloc           0%         N/A       100%        3
 Anguish                  Hex/Necr       0%         N/A       100%        4
 Iskenderun's Mystic Bla  Conj/Tloc      0%         2d3       100%        4
 Olgreb's Toxic Radiance  Pois           0%         N/A       100%        4
 Petrify                  Tmut/Erth      0%         N/A       100%        4
 Irradiate                Conj/Tmut      0%         3d11      100%        5
 Starburst                Conj/Fire      0%         6d3       100%        6
 Ozocubu's Refrigeration  Ice            0%         4d7       100%        7
 Ignition                 Fire           0%         3d3       100%        8


Dungeon Overview and Level Annotations

Branches:
Dungeon (8/15)
 Temple: D:4-7         Lair: D:8-11

Altars:
Hepliaklqana
Kikubaaqudgha
Ru
Sif Muna
Yredelemnul

Annotations:
D:5 Edmund


Innate Abilities, Weirdness & Mutations

You have a pair of horns on your head.
You reflexively headbutt those who attack you in melee.


Message History

You hit the acid dragon but do no damage.
The bullfrog closely misses you. You furiously retaliate!
You headbutt the bullfrog. The acid dragon spits acid at you.
The splash of acid hits you!! The acid corrodes you!
The bullfrog barely misses you.
You hit the bullfrog.
You kill the bullfrog!
You hit the acid dragon. The acid dragon barely misses you.
You block the acid dragon's attack.
Unknown command.
You closely miss the acid dragon.
The acid dragon is heavily wounded.
The acid dragon bites you! The acid dragon claws you.
The acid dragon closely misses you. You block the acid dragon's attack.
You are too injured to fight recklessly!
Unknown command.
You are too injured to fight recklessly!
You are too injured to fight recklessly!
The acid dragon bites you!
* * * LOW HITPOINT WARNING * * *
The acid dragon claws you but does no damage.
You see here a bullfrog corpse.
You hit the acid dragon but do no damage.
You headbutt the acid dragon.
The acid dragon is heavily wounded.
The acid dragon bites you but does no damage.
The acid dragon claws you.
* * * LOW HITPOINT WARNING * * *
You barely miss the acid dragon.
The acid dragon is heavily wounded.
The acid dragon bites you.
* * * LOW HITPOINT WARNING * * *
The acid dragon claws you but does no damage.
You barely miss the acid dragon. You headbutt the acid dragon!
The acid dragon is almost dead.
The acid dragon bites you!
* * * LOW HITPOINT WARNING * * *
The acid dragon claws you.
You die...

###.....######### #
................# #.
##.......######.##
.#..
+..........#.....
....#
#.......##.#.#.#.
.....
+.......##.#..<#.
#/.##..........###.#.
#...D...###.#### #.##
#...@...###.# #.#
#...........# #.#
#.......##### #.#
#..###### ... ....
... #####


You could see an acid dragon.

Vanquished Creatures
  Eustachio (D:6)
  An ice beast (D:7)
  A centaur (D:7)
  A bullfrog (D:8)
  A scorpion (D:5)
  A jelly (D:4)
  An iguana (D:2)
  3 adders
  3 worms
  2 dart slugs
  5 orcs
  2 bats (D:2)
  6 endoplasms
  9 giant cockroaches
  5 goblins
  2 hobgoblins (D:1)
  3 jackals (D:1)
  A quokka (D:2)
  11 ball pythons
  2 frilled lizards
  12 kobolds
  4 rats
77 creatures vanquished.

Notes
Turn   | Place    | Note
-------+----------+-------------------------------------------
     0 | D:1      | ChadusMaximus the Minotaur Fighter began the quest for the
                  | Orb.
     0 | D:1      | Reached XP level 1. HP: 19/19 MP: 0/0
   473 | D:1      | Reached XP level 2. HP: 22/27 MP: 1/1
  1145 | D:1      | Reached XP level 3. HP: 30/33 MP: 2/2
  1675 | D:2      | Found a shimmering blue altar of Sif Muna.
  1681 | D:2      | Reached XP level 4. HP: 41/41 MP: 3/3
  2038 | D:2      | Found a faded altar of an unknown god.
  2136 | D:3      | Found an ancient bone altar of Kikubaaqudgha.
  2312 | D:3      | You fall into a shaft and drop 2 floors!
  2312 | D:5      | Entered Level 5 of the Dungeon
  2327 | D:5      | Noticed a scorpion
  2819 | D:4      | Found a sacrificial altar of Ru.
  2863 | D:4      | Reached XP level 5. HP: 39/44 MP: 4/4
  4001 | D:5      | Reached skill level 5 in Fighting
  4001 | D:5      | Reached skill level 5 in Armour
  4001 | D:5      | Reached skill level 5 in Shields
  4051 | D:5      | Noticed Edmund
  4051 | D:5      | Noticed Eustachio
  4064 | D:6      | Killed Eustachio
  4065 | D:6      | Reached XP level 6. HP: 44/56 MP: 5/5
  4131 | D:6      | Noticed an orc warrior
  4166 | D:7      | Found a hazy altar of Hepliaklqana.
  4166 | D:7      | Found a basalt altar of Yredelemnul.
  4200 | D:7      | Noticed an ice beast
  4207 | D:7      | Killed an ice beast
  4395 | D:7      | Reached skill level 5 in Axes
  4395 | D:7      | Reached XP level 7. HP: 26/62 MP: 6/6
  4788 | D:8      | HP: 2/62 [acid dragon (9)]
  4788 | D:8      | Slain by an acid dragon

Illustrated notes

Levels and vault maps discovered:
D:1:      lemuel_arrival_broad_hall, layout_loops_corners, minmay_tiny_reverse_x
D:2:      cheibrodos_helix_gallery, layout_loops_ring,
          shapermc_ecumenical_altar_pompeii, basic_altar
D:3:      layout_basic, mainiacjoe_overflow_tiny_flanked
D:4:      layout_loops_corners, nicolae_ru_sacrificial_ziggurat
D:5:      layout_rooms, chequers_decorated_corner, uniq_edmund, uniq_eustachio,
          uniq_duvessa
D:6:      layout_loops_ring, makhleb_blood_cavern_becter,
          minmay_temple_entry_sparse_star, gammafunk_ghost_cemetery
D:7:      layout_loops_corners, gammafunk_temple_overflow_pools,
          gammafunk_ghost_grave, serial_shops, nicolae_shop_window_shopping,
          enter_bailey_5
D:8:      layout_basic, gammafunk_temple_overflow_wave, special_room
          [special_room_kobold], minivault_24

Skill      XL: |  1  2  3  4  5  6 |
---------------+-------------------+-----
Fighting       | 4 5 |  5.9
Shields        | 4 5 |  5.9
Armour         | 4 5 |  5.9
Axes           | 3 4 5 |  5.1

Action                   |  1- 3 |  4- 6 |  7- 9 || total
-------------------------+-------+-------+-------++-------
Melee: War axe           |    75 |    92 |    10 ||   177
       Headbutt          |     6 |     9 |     4 ||    19
  Use: Scroll            |       |     3 |       ||     3
       Potion            |       |       |     1 ||     1
Armor: Scale mail        |    40 |    33 |       ||    73
       Chain mail        |       |    30 |     8 ||    38
Dodge: Dodged            |    39 |    30 |     6 ||    75
Block: Buckler           |    11 |    24 |     5 ||    40
